 Dungeon Crawl Stone Soup version 0.25.1-2-g60ff931df9 (webtiles) character file.

Game seed: 4601105013895897498

499 Patoropollo the Slasher (level 6, 0/50 HPs)
             Began as a Demigod Gladiator on Sept 30, 2020.
             Slain by Pikel
             ... wielding a +2 whip of freezing
              (2 damage)
             ... on level 4 of the Dungeon.
             The game lasted 00:07:59 (3350 turns).

Patoropollo the Slasher (Demigod Gladiator)         Turns: 3350, Time: 00:07:59

Health: 0/50       AC:  5    Str: 19    XL:     6   Next: 62%
Magic:  8/8        EV: 15    Int: 12    God:
Gold:   166        SH:  0    Dex: 19    Spells: 5/5 levels left

rFire    . . .     SeeInvis .   a - +0 long sword
rCold    . . .     Gourm    .   (no shield)
rNeg     . . .     Faith    .   o - +0 robe
rPois    .         Spirit   .   c - +0 helmet
rElec    .         Reflect  .   l - +0 cloak
rCorr    .         Harm     .   (no gloves)
MR       .....                  k - +0 pair of boots
Stlth    ++........             (no amulet)
HPRegen  0.16/turn              (no ring)
MPRegen  0.11/turn              (no ring)

@: no status effects
A: high mp 1
a: no special abilities


You were on level 4 of the Dungeon.
You were not hungry.

You visited 1 branch of the dungeon, and saw 4 of its levels.

You collected 166 gold pieces.

Inventory:

Hand Weapons
 a - a +0 long sword (weapon)
Missiles
 d - 3 throwing nets (quivered)
Armour
 c - a +0 helmet (worn)
 k - a +0 pair of boots (worn)
 l - a +0 cloak (worn)
 o - a +0 robe (worn)
Jewellery
 v - an uncursed ring of positive energy
Scrolls
 b - 3 scrolls of remove curse
 e - 2 scrolls of teleportation
 j - 2 scrolls of amnesia {unknown}
 s - 2 scrolls of enchant weapon {unknown}
 t - 3 scrolls of identify {unknown}
 u - a scroll of magic mapping {unknown}
Potions
 g - 3 potions of curing {unknown}
 h - a potion of brilliance
 i - 2 potions of resistance {unknown}
 m - a potion of stabbing {unknown}
 p - a potion of mutation {unknown}
 q - a potion of berserk rage {unknown}
 r - 2 potions of heal wounds {unknown}
Comestibles
 f - 6 rations
 n - 3 chunks of flesh


   Skills:
 + Level 2.9 Fighting
 + Level 5.6 Long Blades
 - Level 1.7 Throwing
 + Level 4.0 Dodging
 + Level 2.1 Stealth


You had 5 spell levels left.
You didn't know any spells.
Your spell library contained the following spells:

 Spells                   Type           Power        Failure   Level  Hunger
 Animate Skeleton         Necr           N/A          32%         1    ##.....
 Apportation              Tloc           #.....       32%         1    ##.....
 Corona                   Hex            #......      32%         1    ##.....
 Summon Small Mammal      Summ           #...         32%         1    ##.....


Dungeon Overview and Level Annotations

Branches:
Dungeon (4/15)
 Temple: D:4-7

Annotations:
D:4 Pikel


Innate Abilities, Weirdness & Mutations

You have an increased reservoir of magic. (+10% MP)


Message History

* * * LOW HITPOINT WARNING * * *
You slash Pikel!
Pikel is almost dead.
Pikel misses you.
You hit Pikel.
Pikel is almost dead.
Pikel hits you with a +2 whip of freezing.
* * * LOW HITPOINT WARNING * * *
Pikel freezes you.
* * * LOW HITPOINT WARNING * * *
You hit Pikel but do no damage.
Pikel is almost dead.
Pikel hits you with a +2 whip of freezing.
* * * LOW HITPOINT WARNING * * *
Pikel freezes you.
* * * LOW HITPOINT WARNING * * *
You closely miss Pikel.
Pikel is almost dead.
Pikel hits you with a +2 whip of freezing.
You die... #.. # ..## #....## .#...## ..... pp!

#K#
#@#
#.###
#...#
###.#
#.#
#.#
#.#
#.#
#.#


You could see Pikel and 2 slaves.

Vanquished Creatures
  Eustachio (D:4)
  A slave (D:4)
  A scorpion (D:4)
  A hound (D:4)
  An orc wizard (D:3)
  Natasha (thrice) (D:2)
  A hound skeleton (D:4)
  A howler monkey skeleton (D:4)
  6 adders
  3 gnolls (D:2)
  2 worms (D:2)
  A dart slug (D:3)
  A leopard gecko (D:2)
  4 orcs (D:3)
  4 giant cockroaches
  13 goblins
  8 hobgoblins (D:1)
  5 jackals
  4 kobolds
  A quokka (D:2)
  A ball python (D:3)
  6 bats
  9 frilled lizards
  6 rats
84 creatures vanquished.

Vanquished Creatures (others)
  A dart slug (D:3)
1 creature vanquished.

Grand Total: 85 creatures vanquished

Notes
Turn   | Place    | Note
-------+----------+-------------------------------------------
     0 | D:1      | Patoropollo the Demigod Gladiator began the quest for the
                  | Orb.
     0 | D:1      | Reached XP level 1. HP: 17/17 MP: 3/3
   232 | D:1      | Reached skill level 3 in Long Blades
   234 | D:1      | Reached XP level 2. HP: 24/24 MP: 4/4
   962 | D:2      | Reached XP level 3. HP: 29/29 MP: 5/5
  1460 | D:2      | Reached skill level 1 in Stealth
  1460 | D:2      | Reached XP level 4. HP: 36/36 MP: 6/6
  1569 | D:2      | Found a shattered altar of Ashenzari.
  1573 | D:2      | Noticed Natasha
  1580 | D:2      | Killed Natasha
  1580 | D:2      | Reached skill level 4 in Long Blades
  1709 | D:2      | Noticed Natasha
  1720 | D:2      | Killed Natasha
  1754 | D:2      | Noticed Natasha
  1810 | D:2      | Killed Natasha
  1810 | D:2      | Reached XP level 5. HP: 27/41 MP: 7/7
  2380 | D:3      | Found a radiant altar of Vehumet.
  2551 | D:3      | Found a burning altar of Makhleb.
  2962 | D:4      | Found a white marble altar of Elyvilon.
  3023 | D:4      | Reached skill level 5 in Long Blades
  3023 | D:4      | Reached XP level 6. HP: 45/50 MP: 8/8
  3178 | D:4      | Noticed Eustachio
  3192 | D:4      | Killed Eustachio
  3336 | D:4      | Noticed Pikel
  3349 | D:4      | HP: 2/50 [Pikel/+2 whip of freezing (2)]
  3350 | D:4      | Slain by Pikel

Illustrated notes

Levels and vault maps discovered:
D:1:      lightli_arrival_statue_moat, layout_loops_cross
D:2:      layout_rooms, overflow_temple_1_default, kennysheep_another_room,
          minmay_vboxes, uniq_natasha
D:3:      layout_basic, fiery_altar_vehumet, eino_tiny_chamber, bloody_makhleb
D:4:      layout_loops_ring, overflow_temple_1_default,
          overflow_temple_1_default, uniq_eustachio, uniq_duvessa, uniq_pikel

Skill      XL: |  1  2  3  4  5  6 |
---------------+-------------------+-----
Long Blades    | 3 4 5 |  5.6
Dodging        | 3 4 |  4.0
Fighting       | 2 |  2.9
Stealth        | 1 2 |  2.1
Throwing       | |  1.7

Action                   |  1- 3 |  4- 6 || total
-------------------------+-------+-------++-------
Melee: Long sword        |   112 |   143 ||   255
  Use: Potion            |     2 |       ||     2
       Scroll            |       |     2 ||     2
 Stab: Sleeping          |     1 |     4 ||     5
       Invisible         |     7 |       ||     7
  Eat: Chunk             |     1 |     2 ||     3
       Ration            |     1 |     1 ||     2
Armor: Leather armour    |    41 |     7 ||    48
       Robe              |       |    42 ||    42
Dodge: Dodged            |   102 |   110 ||   212
       Rpst.: Long sword |    38 |    30 ||    68
